 Dungeon Crawl Stone Soup version 0.30-a0-596-g0af90f9a20 (webtiles) character file.

Game seed: 3980579056074020137

99848 Chaicat the Tortoise (level 15, 0/144 HPs)
             Began as a Minotaur Fighter on Dec 8, 2022.
             Was the Champion of Okawaru.
             Slain by a moth of wrath (7 damage)
             ... on level 1 of the Swamp on Jan 6, 2023.
             The game lasted 01:02:13 (22223 turns).

Chaicat the Tortoise (Minotaur Fighter)            Turns: 22223, Time: 01:02:14

Health: 0/144      AC: 42    Str: 29    XL:     15   Next: 78%
Magic:  0/23       EV: 11    Int:  5    God:    Okawaru [******]
Gold:   1712       SH:  0    Dex: 18    Spells: 14/14 levels left

rFire   . . .      SeeInvis .    I - +3 scimitar (flame)
rCold   + . .      Faith    .    l - +7 tower shield of Sorcery {Dex+4}
rNeg    . . .      Spirit   +    r - +11 plate armour of the Elven Halls {Harm rElec}
rPois   .          Reflect  .    P - +2 hat of the Bear Spirit {Spirit, *Rage Will++}
rElec   +          Harm     +    U - +0 cloak {rCorr}
rCorr   +          Rampage  +    j - +2 pair of gloves
Will    +++..      Rage     20%  e - +2 pair of boots {rampage} Stlth
                                 G - amulet of the acrobat
HPRegen 0.44/turn                k - ring of flight
MPRegen 0.18/turn                L - ring of Mirit {rElec Str+3 Dex+2 Slay+4 Stlth-}

@: confused, heroic, ambrosia-drunk, on berserk cooldown, flying, slowed, very
slow
A: horns 2, retaliatory headbutt, cold resistance 1, MP-powered wands, sturdy
frame 1
a: Renounce Religion, Heroism, Finesse, Duel


You were on level 1 of the Swamp.
You worshipped Okawaru.
Okawaru was exalted by your worship.
You visited 4 branches of the dungeon, and saw 23 of its levels.

You collected 1738 gold pieces.
You spent 26 gold pieces at shops.

Inventory:

Hand Weapons
 i - the +7 broad axe of Goybuq {vamp, rC+}
   (You acquired it on level 8 of the Dungeon)

   rC:        It protects you from cold.
 I - a +3 scimitar of flaming (weapon)
Missiles
 w - 15 throwing nets (quivered)
Armour
 e - a +2 pair of boots of rampaging (worn)
 j - a +2 pair of gloves (worn)
 l - the +7 tower shield of Sorcery (worn) {Dex+4}
   (Okawaru gifted it to you on level 13 of the Dungeon)

   Dex:       It affects your dexterity (+4).
 r - the +11 plate armour of the Elven Halls (worn) {Harm rElec}
   (Okawaru gifted it to you on level 1 of the Lair of Beasts)

   rElec:     It insulates you from electricity.
   Harm:      It increases damage dealt and taken.
 P - the +2 hat of the Bear Spirit (worn) {Spirit, *Rage Will++}
   (Okawaru gifted it to you on level 5 of the Lair of Beasts)

   Going berserk makes the wearer tougher, and they're slowed less afterward.
   *Rage:     It berserks you when you make melee attacks (+20% chance).
   Will:      It greatly increases your willpower.
 U - a +0 cloak of preservation (worn)
Jewellery
 k - a ring of flight (left hand)
 o - a +4 ring of protection
 u - a ring of fire
 x - a ring of positive energy
 G - an amulet of the acrobat (around neck)
 J - a ring of protection from cold
 L - the ring of Mirit (right hand) {rElec Str+3 Dex+2 Slay+4 Stlth-}
   (You found it on level 4 of the Lair of Beasts)

   [ring of slaying]

   Str:       It affects your strength (+3).
   Dex:       It affects your dexterity (+2).
   Slay:      It affects your accuracy & damage with ranged weapons and melee
   (+4).
   rElec:     It insulates you from electricity.
   Stlth:     It makes you less stealthy.
 O - an amulet of faith
Wands
 c - a wand of roots (30)
 s - a wand of flame (35)
 y - a wand of digging (11)
 C - a wand of quicksilver (24)
 N - a wand of mindburst (8)
Scrolls
 b - 18 scrolls of teleportation
 f - 2 scrolls of blinking
 p - 6 scrolls of magic mapping
 B - 4 scrolls of fog
 H - 2 scrolls of fear
 M - a scroll of amnesia
 R - 2 scrolls of identify
Potions
 a - 2 potions of cancellation
 h - 6 potions of invisibility
 m - 5 potions of lignification
 n - 6 potions of curing
 q - 4 potions of flight
 t - 2 potions of might
 v - 2 potions of haste
 z - 3 potions of mutation
 A - a potion of heal wounds
 E - a potion of berserk rage
 F - 5 potions of brilliance
 K - 5 potions of resistance
Miscellaneous
 Q - a phial of floods (inert)


   Skills:
 + Level 16.2(21.2) Fighting
 + Level 16.0(21.0) Axes
 + Level 16.7(21.7) Armour
 + Level 13.9(18.9) Shields
 + Level 13.0 Invocations


You had 14 spell levels left.
You didn't know any spells.
Your spell library contained the following spells:

 Spells                   Type           Power      Damage    Failure   Level
 Apportation              Tloc           0%         N/A       98%         1
 Necrotise                Necr           0%         1d4       98%         1
 Sandblast                Erth           0%         2d4       98%         1
 Shock                    Conj/Air       0%         1d3       98%         1
 Blink                    Tloc           0%         N/A       99%         2
 Ensorcelled Hibernation  Hex/Ice        0%         N/A       99%         2
 Momentum Strike          Conj/Tloc      0%         3d8       99%         2
 Passwall                 Tmut/Erth      0%         N/A       99%         2
 Sublimation of Blood     Necr           0%         N/A       99%         2
 Wereblood                Tmut           0%         N/A       99%         2
 Kindle Blastsparks       Fire/Tloc/Air  0%         2d10      100%        3
 Lesser Beckoning         Tloc           0%         N/A       100%        3
 Ozocubu's Armour         Ice            0%         N/A       100%        3
 Spider Form              Tmut/Pois      0%         N/A       100%        3
 Stone Arrow              Conj/Erth      0%         3d7       100%        3
 Swiftness                Air            0%         N/A       100%        3
 Airstrike                Air            0%         2d(0-16)  100%        4
 Anguish                  Hex/Necr       0%         N/A       100%        4
 Fulminant Prism          Conj/Hex       0%         3d5       100%        4
 Iskenderun's Mystic Bla  Conj/Tloc      0%         2d3       100%        4
 Blade Hands              Tmut           0%         N/A       100%        5
 Irradiate                Conj/Tmut      0%         3d11      100%        5
 Lee's Rapid Deconstruct  Erth           0%         3d4*      100%        5
 Dragon Form              Tmut           0%         N/A       100%        7
 Ozocubu's Refrigeration  Ice            0%         4d7       100%        7
 Summon Small Mammal      Summ           Unusable   N/A       N/A         1
 Summon Hydra             Summ           Unusable   N/A       N/A         7

Dungeon Overview and Level Annotations

Branches:
Dungeon (15/15)            Temple (1/1) D:4            Lair (5/5) D:10
  Swamp (2/4) Lair:2        Snake (0/4) Lair:2        Slime (0/5) Lair:5
    Orc (0/2) D:10         Vaults (0/5) D:13         Depths (0/4) D:15

Altars:
Ashenzari
Cheibriados
Dithmenos
Elyvilon
Fedhas
Gozag
Hepliaklqana
Kikubaaqudgha
Makhleb
Nemelex Xobeh
Okawaru
Qazlal
Ru
Sif Muna
Trog
Uskayaw
Vehumet
Wu Jian
Xom
Yredelemnul
Zin
The Shining One

Shops:
D:7 [   D:14 ?

Portals:
Trove: D:11 (give 18 potions of curing)

Annotations:
Swamp:1 1 transporter, Newt's ghost, journeyman DsGl


Innate Abilities, Weirdness & Mutations

You have a pair of horns on your head.
You reflexively headbutt those who attack you in melee.
Your flesh is cold resistant. (rC+)
You expend magic power (3 MP) to strengthen your wands.
Your movements are slightly less encumbered by armour. (ER -2)


Message History

You headbutt the tyrant leech!
The tyrant leech is severely wounded.
You block the goliath frog's attack.
The moth of wrath goads something on! x2
You block the tyrant leech's attack. You block the goliath frog's attack.
The tyrant leech closely misses you. You furiously retaliate!
You headbutt the tyrant leech!!
You hear a roar!
You block the tyrant leech's attack.
The goliath frog hits you but does no damage.
The tyrant leech barely misses you.
You hit the tyrant leech. You burn the tyrant leech.
You headbutt the tyrant leech.
You kill the tyrant leech!
Okawaru accepts your kill.
The goliath frog hits you but does no damage.
You block the goliath frog's attack. You block the tyrant leech's attack.
The bunyip howls a warning cry!
You block the goliath frog's attack. The tyrant leech barely misses you.
You block the goliath frog's attack.
The moth of wrath bites you but does no damage.
The goliath frog hits you but does no damage.
The tyrant leech misses you.
You feel much better. You block the goliath frog's attack. x2
You block the moth of wrath's attack. The goliath frog completely misses you.
The bunyip howls a warning cry!
The goliath frog hits you from afar.
You are splashed with acid.
You resist.
* * * LOW HITPOINT WARNING * * *
The tyrant leech bites you!!!
* * * LOW HITPOINT WARNING * * *
The tyrant leech draws strength from your injuries!
The moth of wrath bites you.
* * * LOW HITPOINT WARNING * * *
The goliath frog closely misses you. x2; You block the tyrant leech's attack.
You are confused.
You feel invigorated. The goliath frog misses you.
The four-headed hydra rages.
The goliath frog hits you but does no damage.
The bunyip howls a warning cry!
The moth of wrath bites you!
You die...

♣♣.~~~.........#.:.....##)....~.♣
♣♣~~~§~~~.♣~...#...#.#..#..~....♣
~♣~§~.~~.♣♣~~..#...#.#..#...~.~.♣
♣~...~...♣♣.~.##.#....?##....~~.♣
♣♣♣♣♣♣.~.♣....#.#D.†#.$#....!~...
♣....§..♣.#.FD#©.=!#©.~~....♣
♣♣...♣..♣.##FF.y.#?#....~~~.♣
♣♣♣♣..~..©#y#Wx.#|##....~~.♣
♣.~....##@w##.#. #...§..§.
♣♣.♣♣..#...#...#.#.....~~♣
♣♣♣...##....#..##.~.~....
♣♣...##..©...#...~~...♣
♣♣♣..#####.##........♣
♣♣.....###....♣♣...~
♣♣♣♣♣.....~~~.♣♣~..
♣♣♣.♣♣...~.♣..~ ♣~~....~....~♣


You could see a bunyip (catching breath), a five-headed hydra (berserk), a
four-headed hydra (berserk), a tyrant leech (berserk), 2 moths of wrath, 3
goliath frogs and Newt's ghost.

Vanquished Creatures
  Jorgrun (D:13)
  Frances (Swamp:2)
  Kirke (Swamp:2)
  2 fenstrider witches
  A fire giant (D:15)
  A dire elephant (Lair:5)
  10 hydras
  4 vault guards (D:13)
  A ghost crab (Swamp:1)
  A centaur warrior (D:13)
  6 alligators
  Erica (D:9)
  2 death knights (D:15)
  3 two-headed ogres
  2 boulder beetles
  6 death yaks (Lair:5)
  A deep troll shaman (Lair:5)
  A catoblepas (Lair:5)
  2 tengu warriors
  Nergalle (Lair:1)
  Sonja (Lair:3)
  6 bog bodies
  2 spriggan druids
  2 swamp dragons (Swamp:1)
  3 deep elf pyromancers
  2 phantasmal warriors (D:15)
  2 oklob plants (Lair:5)
  2 will-o-the-wisps
  7 ugly things
  26 elephants
  3 cyclopes
  Maurice (D:13)
  4 black mambas
  A black mamba (shapeshifter) (D:13)
  8 cane toads
  2 gargoyles (D:12)
  An unseen horror (D:12)
  A rime drake (Lair:1)
  A tengu conjurer (D:13)
  2 efreet
  11 komodo dragons
  3 trolls
  6 hornets
  5 tyrant leeches (Swamp:1)
  A bloated husk (Swamp:1)
  3 meliai (D:14)
  24 slime creatures
  Grinder (D:6)
  4 polar bears
  6 blink frogs
  Sigmund (D:5)
  A spriggan (shapeshifter) (D:14)
  7 spriggans
  6 wraiths
  64 yaks
  2 vampires
  4 humans (Swamp:2)
  4 wyverns
  2 steam dragons
  Grum (D:7)
  6 basilisks
  5 swamp worms
  8 vampire mosquitoes
  4 nagas (Lair:2)
  4 acid dragons
  14 water moccasins
  8 orc warriors
  2 ice beasts
  8 black bears
  A sky beast (D:7)
  2 ogres
  31 wolves
  3 boggarts (D:15)
  4 centaurs
  A phantom (D:6)
  6 kobold brigands
  13 bullfrogs
  2 necrophages
  6 gnoll sergeants
  A scorpion (D:6)
  11 killer bees
  2 howler monkeys (D:7)
  4 electric eels (Lair:3)
  4 jellies
  15 hounds
  4 gnoll boudas
  4 orc priests
  6 hell rats (Lair:4)
  3 iguanas (D:6)
  11 orc wizards
  9 adders
  44 gnolls
  A white imp (D:6)
  2 ufetubi
  A worm (D:2)
  A dart slug (D:3)
  36 orcs
  3 bats
  6 endoplasms
  3 giant cockroaches (D:3)
  6 goblins
  6 hobgoblins
  7 jackals
  3 quokkas
  5 ball pythons
  4 frilled lizards
  25 kobolds
  7 rats
643 creatures vanquished.

Vanquished Creatures (others)
  5 kobolds (D:9)
  A bush (Lair:4)
  8 foxfires
  59 fungi
  80 plants
153 creatures vanquished.

Grand Total: 796 creatures vanquished

Notes
Turn   | Place    | Note
-------+----------+-------------------------------------------
     0 | D:1      | Chaicat the Minotaur Fighter began the quest for the Orb.
     0 | D:1      | Reached XP level 1. HP: 19/19 MP: 0/0
   185 | D:1      | Reached XP level 2. HP: 27/27 MP: 1/1
   938 | D:2      | Reached XP level 3. HP: 33/33 MP: 2/2
  2007 | D:3      | Reached XP level 4. HP: 41/41 MP: 3/3
  2881 | D:4      | Found a staircase to the Ecumenical Temple.
  2959 | Temple   | Entered the Ecumenical Temple
  3106 | Temple   | Became a worshipper of Warmaster Okawaru
  3571 | D:4      | Reached XP level 5. HP: 47/47 MP: 4/4
  3724 | D:5      | Entered Level 5 of the Dungeon
  3971 | D:5      | Reached skill level 5 in Fighting
  3971 | D:5      | Reached skill level 5 in Armour
  3971 | D:5      | Reached skill level 5 in Shields
  4043 | D:5      | Noticed a black bear
  4044 | D:5      | Noticed Sigmund
  4052 | D:5      | Killed a black bear
  4053 | D:5      | Reached XP level 6. HP: 26/56 MP: 5/5
  4060 | D:5      | Killed Sigmund
  4060 | D:5      | Reached * piety under Okawaru
  4577 | D:5      | Reached skill level 5 in Axes
  4577 | D:5      | Reached XP level 7. HP: 23/62 MP: 6/6
  5234 | D:6      | Reached skill level 1 in Invocations
  5369 | D:6      | Reached ** piety under Okawaru
  5446 | D:6      | Reached XP level 8. HP: 67/71 MP: 8/8
  5492 | D:6      | Noticed Grinder
  5498 | D:6      | Paralysed by Grinder for 5 turns
  5509 | D:6      | Paralysed by Grinder for 5 turns
  5519 | D:6      | Killed Grinder
  5519 | D:6      | Reached *** piety under Okawaru
  6340 | D:7      | Reached XP level 9. HP: 79/80 MP: 11/11
  6755 | D:7      | Reached **** piety under Okawaru
  6859 | D:7      | Reached skill level 5 in Invocations
  6951 | D:7      | Found Juquotyu's Antique Armour Emporium.
  7553 | D:7      | Noticed Grum
  7557 | D:7      | Killed Grum
  7558 | D:7      | Reached skill level 10 in Armour
  7591 | D:7      | Upgraded the game from 0.30-a0-422-g946f4849ff to
                  | 0.30-a0-457-g4b7bca3bfa
  7652 | D:8      | Reached ***** piety under Okawaru
  7858 | D:8      | Identified 2 scrolls of acquirement
  7858 | D:8      | Acquired the +1 chain mail of the Apprentice {rF+ rCorr
                  | Dex+4}
  7882 | D:8      | Acquired the +7 broad axe of Goybuq {vamp, rC+}
  7919 | D:8      | Reached XP level 10. HP: 91/91 MP: 13/13
  8559 | D:9      | Noticed Erica
  8569 | D:9      | Killed Erica
  8801 | D:9      | Reached skill level 10 in Fighting
  8806 | D:9      | Received a gift from Okawaru
  8806 | D:9      | Found the +7 Kryia's mail coat {PotionHeal*2 rC+}
  8818 | D:9      | Reached skill level 10 in Axes
  9256 | D:9      | Found a glowing golden altar of the Shining One.
  9284 | D:9      | Reached XP level 11. HP: 101/101 MP: 15/15
  9298 | D:9      | Gained mutation: You expend magic power (3 MP) to
                  | strengthen your wands. [potion of mutation]
  9298 | D:9      | Gained mutation: Your flesh is cold resistant. (rC+)
                  | [potion of mutation]
  9298 | D:9      | Gained mutation: Your movements are slightly less
                  | encumbered by armour. (ER -2) [potion of mutation]
  9346 | D:10     | Entered Level 10 of the Dungeon
  9357 | D:10     | Found a staircase to the Orcish Mines.
  9398 | D:10     | Found a broken altar of Ashenzari.
  9404 | D:10     | Found a shadowy altar of Dithmenos.
  9407 | D:10     | Found a basalt altar of Yredelemnul.
  9441 | D:10     | Found a staircase to the Lair.
  9912 | D:10     | Upgraded the game from 0.30-a0-457-g4b7bca3bfa to
                  | 0.30-a0-469-g84de5afbc5
 10407 | D:10     | Noticed a two-headed ogre
 10413 | D:10     | Killed a two-headed ogre
 10554 | D:11     | Noticed a boulder beetle
 10567 | D:11     | Killed a boulder beetle
 10567 | D:11     | Identified the +0 robe "Ciffioho" {rCorr Int+4 Archmagi}
                  | (Okawaru gifted it to you on level 11 of the Dungeon)
 10567 | D:11     | Received a gift from Okawaru
 10683 | D:11     | Reached ****** piety under Okawaru
 10724 | D:11     | Found a blossoming altar of Fedhas.
 10987 | D:11     | Found a portal to a secret trove of treasure.
 11034 | D:12     | Noticed a two-headed ogre
 11076 | D:11     | Killed a two-headed ogre
 11260 | D:12     | Reached XP level 12. HP: 111/111 MP: 17/17
 12027 | D:13     | Noticed a tengu warrior
 12041 | D:13     | Killed a tengu warrior
 12041 | D:13     | Received a gift from Okawaru
 12118 | D:13     | Noticed a vault guard
 12123 | D:13     | Noticed a vault guard
 12127 | D:13     | Noticed a five-headed hydra
 12130 | D:13     | Identified the +4 plate armour of the Lair of Beasts {Will+
                  | Str+2}
 12130 | D:13     | Noticed a vault guard
 12130 | D:13     | Noticed a vault guard
 12134 | D:13     | Noticed a centaur warrior
 12135 | D:13     | Noticed Jorgrun
 12135 | D:13     | Killed a vault guard
 12139 | D:13     | Killed a vault guard
 12155 | D:13     | Killed a vault guard
 12161 | D:13     | Killed a centaur warrior
 12164 | D:13     | Killed Jorgrun
 12168 | D:13     | Killed a four-headed hydra
 12187 | D:13     | Killed a vault guard
 12188 | D:13     | Reached skill level 10 in Shields
 12356 | D:13     | Found a gate to the Vaults.
 12359 | D:13     | Noticed a seven-headed hydra
 12369 | D:13     | Killed a one-headed hydra
 12466 | D:12     | Reached XP level 13. HP: 93/119 MP: 19/19
 12734 | D:13     | Identified the +7 tower shield of Sorcery {Dex+4} (Okawaru
                  | gifted it to you on level 13 of the Dungeon)
 12734 | D:13     | Received a gift from Okawaru
 12735 | D:13     | Reached skill level 10 in Invocations
 12737 | D:13     | Noticed Maurice
 12785 | D:13     | Killed Maurice
 14077 | D:14     | Identified the +1 robe of Boytelem {rF+ rCorr}
 14133 | D:14     | Found Dejiq's Magic Scroll Shoppe.
 14139 | D:14     | Bought a scroll of identify for 26 gold pieces
 14172 | D:15     | Entered Level 15 of the Dungeon
 14260 | Lair:1   | Entered Level 1 of the Lair of Beasts
 14364 | Lair:1   | Found an ornate altar of the Wu Jian Council.
 14500 | Lair:1   | Noticed Nergalle
 14528 | Lair:1   | Killed Nergalle
 14877 | Lair:1   | Identified the +11 plate armour of the Elven Halls {Harm
                  | rElec} (Okawaru gifted it to you on level 1 of the Lair of
                  | Beasts)
 14877 | Lair:1   | Received a gift from Okawaru
 15426 | Lair:2   | Found a staircase to the Snake Pit.
 15476 | Lair:2   | Reached XP level 14. HP: 131/132 MP: 21/21
 15885 | Lair:2   | Found a staircase to the Swamp.
 16402 | Lair:3   | Reached skill level 15 in Armour
 16653 | Lair:3   | Noticed Sonja
 16674 | Lair:3   | Killed Sonja
 17161 | Lair:4   | Upgraded the game from 0.30-a0-469-g84de5afbc5 to
                  | 0.30-a0-591-g3c58d2bc28
 17692 | Lair:4   | Identified the ring of Mirit {rElec Str+3 Dex+2 Slay+4
                  | Stlth-}
 18043 | Lair:5   | Entered Level 5 of the Lair of Beasts
 18052 | Lair:5   | Identified the +7 war axe "Woupp" {protect, rCorr} (Okawaru
                  | gifted it to you on level 5 of the Lair of Beasts)
 18052 | Lair:5   | Received a gift from Okawaru
 18395 | Lair:5   | Reached skill level 15 in Fighting
 18401 | Lair:5   | Received a gift from Okawaru
 18401 | Lair:5   | Found the +2 hat of the Bear Spirit {Spirit, *Rage Will++}
 18486 | Lair:5   | Reached skill level 15 in Axes
 18578 | Lair:5   | Found a staircase to the Slime Pits.
 18913 | Lair:5   | Reached XP level 15. HP: 141/141 MP: 23/23
 19734 | Lair:5   | Upgraded the game from 0.30-a0-591-g3c58d2bc28 to
                  | 0.30-a0-596-g0af90f9a20
 20138 | D:15     | Found a staircase to the Depths.
 20138 | D:15     | Noticed a fire giant
 20144 | D:15     | Killed a fire giant
 21159 | Swamp:1  | Entered Level 1 of the Swamp
 21271 | Swamp:1  | You are sucked into a shaft and drop 1 floor!
 21271 | Swamp:2  | Noticed Frances
 21278 | Swamp:2  | Received a gift from Okawaru
 21285 | Swamp:2  | Killed Frances
 21300 | Swamp:2  | Noticed Kirke
 21302 | Swamp:2  | Noticed a fenstrider witch
 21309 | Swamp:2  | Killed Kirke
 21312 | Swamp:2  | Killed a fenstrider witch
 21495 | Swamp:1  | Noticed a fenstrider witch
 21507 | Swamp:1  | HP: 6/142 [poisoned by a fenstrider witch (toxic sludge)]
 21512 | Swamp:1  | Killed a fenstrider witch
 21803 | Swamp:1  | Found a transporter.
 21813 | Swamp:1  | Noticed Newt's ghost (journeyman DsGl)
 21822 | Swamp:1  | Found a transporter.
 22222 | Swamp:1  | HP: 2/144 [tyrant leech (41)]
 22223 | Swamp:1  | Slain by a moth of wrath

Illustrated notes

Levels and vault maps discovered:
D:1:      noname_arrival_rooms_in_the_neighbourhood, layout_basic
D:2:      layout_basic
D:3:      layout_basic, kennysheep_pointless_box
D:4:      layout_basic, minmay_temple_entry_glass
D:5:      layout_gridville, serial_bayou_pond_a, uniq_sigmund
D:6:      layout_cave_pods, kennysheep_doodads, minmay_bent, uniq_grinder
D:7:      layout_cave_pools, serial_gnoll_camp, gnoll_camp_medium_02,
          gnoll_camp_huts_moat, gnoll_camp_mini_hut, gnoll_camp_mini_shop,
          gnoll_camp_mini_hut, grums_kennel
D:8:      layout_gridville
D:9:      layout_roguey, tso_altar, uniq_erica
D:10:     layout_layer_cave, minmay_overflow_temple_star_quad,
          due_lair_maze_entry_diamond, david_orc_2
D:11:     layout_rooms, nicolae_trove_entry_crystal, fedhas_ov_isle_minmay
D:12:     layout_cave_pools, special_room [special_room_orc],
          minmay_unpleasant_kobolds
D:13:     layout_basic, lightli_vaults_fourway_checkpoint,
          reono_crystal_passage, kb_tengu_band, uniq_jorgrun, uniq_maurice
D:14:     layout_rooms, serial_shops, kennysheep_little_box
D:15:     grunt_enter_depths_giant_problem, layout_gridville, nrook_campfire,
          minmay_starry_boxes
Temple:   regret_index_temple_chain_breaker
Lair:1:   layout_cave_pods, basic_altar, uniq_nergalle
Lair:2:   layout_loops_ring, skrybe_swamp_entry_bodies,
          minmay_snake_entry_guardpost_small
Lair:3:   layout_regular_city, serial_bayou_shore_a, uniq_sonja
Lair:4:   layout_gridlike, lemuel_fruit_tree
Lair:5:   grunt_lair_end_beastmaster, layout_cave_pods,
          minmay_slime_entry_oklob_open
Swamp:1:  layout_basic_swamp, gammafunk_ghost_berserking_beasts,
          evilmike_swamp_ruin_house_1
Swamp:2:  layout_falls_marsh, wheals_swamp_sinkhole, uniq_frances, uniq_kirke

Skill      XL: |  1  2  3  4  5  6  7  8  9 10 11 12 13 14 15 |
---------------+----------------------------------------------+-----
Fighting       | 4 5 6 7 9 10 11 12 14 15 16 | 16.2
Armour         | 4 5 6 7 8 10 11 12 13 14 15 16 | 16.7
Shields        | 4 5 6 8 10 11 12 13 | 13.9
Axes           | 3 4 5 7 8 10 11 12 14 15 16 | 16.0
Invocations    | 2 4 5 7 8 9 11 12 13 | 13.0

Action                   |  1- 3 |  4- 6 |  7- 9 | 10-12 | 13-15 || total
-------------------------+-------+-------+-------+-------+-------++-------
Melee: War axe           |    69 |   112 |   166 |       |       ||   347
       Headbutt          |     9 |    12 |    58 |   114 |   194 ||   387
       Trident           |       |       |   108 |       |       ||   108
       Broad axe         |       |       |    12 |   443 |   742 ||  1197
       Scimitar          |       |       |       |    10 |    88 ||    98
Throw: Throwing net      |       |       |       |     6 |     5 ||    11
Invok: Heroism           |       |       |     1 |     1 |     6 ||     8
       Finesse           |       |       |       |     1 |     1 ||     2
Evoke: Phial of floods   |       |       |       |       |     1 ||     1
  Use: Scroll            |     4 |     6 |     8 |     6 |     9 ||    33
       Potion            |       |     1 |       |     3 |     4 ||     8
 Stab: Distracted        |       |       |       |       |     1 ||     1
Armor: Scale mail        |    26 |       |       |       |       ||    26
       Chain mail        |     9 |    66 |   284 |   232 |       ||   591
       Plate armour      |       |       |       |    25 |   479 ||   504
Dodge: Dodged            |    26 |    45 |   167 |   135 |   151 ||   524
Block: Buckler           |    19 |    40 |    99 |    14 |       ||   172
       Kite shield       |       |       |       |   277 |    20 ||   297
       Tower shield      |       |       |       |       |   974 ||   974

Table legend: (Time is in decaauts)
 A = Elapsed time spent in this place.
 B = Non-inter-level travel time spent in this place.
 C = Inter-level travel time spent in this place.
 D = Time resting spent in this place.
 E = Time spent auto-exploring this place.
 F = Levels seen in this place.
 G = Mean time per level.
                   A        B        C        D        E       F      G
               +--------+--------+--------+--------+--------+-----+--------+
         Total |  22689 |  21024 |   1665 |   2585 |  13981 |  23 |  986.5 |
       Dungeon |  15740 |  14722 |   1018 |   1658 |  10024 |  15 | 1049.3 |
        Temple |    157 |    120 |     37 |      0 |     91 |   1 |  157.0 |
          Lair |   5696 |   5122 |    574 |    565 |   3440 |   5 | 1139.2 |
         Swamp |   1094 |   1060 |     34 |    361 |    425 |   2 |  547.0 |
               +--------+--------+--------+--------+--------+-----+--------+

Top non-repeatable levels by time:
    D:13: 1487 daAuts
  Lair:5: 1456 daAuts
    D:10: 1356 daAuts
     D:7: 1339 daAuts
     D:5: 1337 daAuts
  Lair:1: 1276 daAuts
     D:6: 1182 daAuts
    D:12: 1111 daAuts
    D:15: 1100 daAuts
  Lair:3: 1075 daAuts
     D:2: 1037 daAuts
     D:4: 958 daAuts
 Swamp:1: 948 daAuts
  Lair:2: 944 daAuts
  Lair:4: 944 daAuts
